 Dungeon Sprint DCSS version 0.30.1-4-g462c640d31 (webtiles) character file.

Game seed: 13821459184056880950

3715 Heoruswealwe the Grappler (level 9, -2/97 (98) HPs)
             Began as a Troll Berserker on Sept 8, 2023.
             Was the Champion of Trog.
             Slain by a necrophage (4 damage)
             ... in the Dungeon (Sprint I: "Red Sonja").
             The game lasted 00:07:57 (445 turns).

Heoruswealwe the Grappler (Troll Berserker)          Turns: 445, Time: 00:07:57

HP:   -2/97 (98)    AC: -4    Str: 31    XL:     9   Next: 91%
MP:   15/15         EV: 12    Int:  3    God:    Trog [******]
Gold: 631           SH:  0    Dex:  9    Spells: 8/8 levels left

rFire   . .          .
                       - Unarmed
rCold   . . .        (no shield)
rNeg    . . .        a - +0 animal skin
rPois   .            (helmet restricted)
rElec   .            (no cloak)
rCorr   .            (gloves unavailable)
SInv    .            (boots unavailable)
Will    .....        (no amulet)
Stlth   +            (no ring)
HPRegen 1.16/turn    (no ring)
MPRegen 0.14/turn

%: no teleportation
@: corroded, lightly drained
A: large, unfitting armour, claws 3, regeneration 1, shaggy fur 1, tough skin 1
a: Renounce Religion, Berserk, Trog's Hand, Brothers in Arms


You were in the Dungeon.
You worshipped Trog.
Trog was exalted by your worship.
You visited 1 branch You collected 703 gold pieces.
You spent 72 gold pieces at shops.

Inventory:

Armour
 a - a +0 animal skin (worn)
Wands
 h - a wand of digging (3)
Scrolls
 e - 4 scrolls of identify {unknown}
 f - a scroll of vulnerability {unknown}
 g - a scroll of blinking
Potions
 c - a potion of ambrosia {unknown}
 d - a potion of haste


   Skills:
 + Level 9.2 Fighting
 + Level 9.2 Dodging
 * Level 14.9 Unarmed Combat
 + Level 9.6 Invocations


You had 8 spell levels left.
You didn't know any spells.
Your spell library was empty.

Dungeon Overview and Level Annotations

Branches:
Dungeon (1/1)

Altars:
Cheibriados
Dithmenos
Elyvilon
Fedhas
Gozag
Hepliaklqana
Kikubaaqudgha
Makhleb
Nemelex Xobeh
Okawaru
Qazlal
Ru
Sif Muna
Trog
Uskayaw
Vehumet
Wu Jian
Xom
Yredelemnul
Zin
The Shining One
Jiyva
Lugonu

Shops:
D *


Innate Abilities, Weirdness & Mutations

You are too large for most types of armour.
You have claws for hands.
Your natural rate of healing is unusually fast.
You are covered in fur. (AC +1)
You have tough skin. (AC +1)


Message History

Found a worn bronze wand and a scroll labelled WOUFO SAPTUK. 2 necrophages come into view.
Found a scroll labelled WOUFO SAPTUK and a potion of heal wounds.
You mangle the necrophage!!
You destroy the necrophage!
Trog accepts your kill. The necrophage hits you.
You claw the necrophage!
The necrophage is heavily damaged.
The necrophage completely misses you.
You mangle the necrophage!!
You destroy the necrophage!
Trog accepts your kill.
You scratch the necrophage.
The necrophage is lightly damaged.
The necrophage closely misses you. The necrophage hits you.
You scratch the necrophage but do no damage.
The necrophage is lightly damaged.
The necrophage barely misses you.
You mangle the necrophage!!
You destroy the necrophage!
Trog accepts your kill. The necrophage hits you.
You feel drained. The necrophage hits you!
* * * LOW HITPOINT WARNING * * *
You feel drained.
* * * LOW HITPOINT WARNING * * *
The necrophage completely misses you.
You mangle the necrophage!!
The necrophage is almost destroyed.
You closely miss the necrophage.
The necrophage is almost destroyed.
The necrophage hits you.
* * * LOW HITPOINT WARNING * * *
The necrophage hits you!
* * * LOW HITPOINT WARNING * * *
The necrophage hits you!
* * * LOW HITPOINT WARNING * * *
The necrophage attacks as you move away!
The necrophage hits you.
You die...

########
####+### ###†#
#.# #.# #.# +.#
#+++######†#
#.....§.§#§#
#####.n.§...#§§#
?/!$..†@...§####
!?$...nn.§§§#
#.......~§~##
###..~~~~###
+######+


You could see 3 necrophages.

Vanquished Creatures
  2 centaur warriors (D)
  An oklob plant (D)
  2 kobold demonologists (D)
  A hornet (D)
  A yak (D)
  Sigmund (D)
  A slime creature (D)
  2 redbacks (D)
  2 floating eyes (D)
  An ogre (D)
  4 necrophages (D)
  8 jellies (D)
  Ijyb (D)
27 creatures vanquished.

Notes
Turn   | Place    | Note
-------+----------+-------------------------------------------
     0 | D        | Heoruswealwe the Troll Berserker began the quest for the
                  | Orb.
     0 | D        | Reached XP level 1. HP: 22/22 MP: 0/0
     1 | D        | Noticed Ijyb
    11 | D        | Killed Ijyb
    12 | D        | Reached skill level 4 in Unarmed Combat
    12 | D        | Reached XP level 2. HP: 22/31 MP: 0/2
    37 | D        | Noticed an ogre
    42 | D        | Killed an ogre
    43 | D        | Reached skill level 6 in Unarmed Combat
    43 | D        | Reached XP level 3. HP: 39/39 MP: 2/4
    43 | D        | Reached XP level 4. HP: 48/48 MP: 2/5
    75 | D        | Noticed Sigmund
    81 | D        | Killed Sigmund
    81 | D        | Reached ** piety under Trog
    82 | D        | Reached skill level 5 in Fighting
    82 | D        | Reached skill level 5 in Dodging
    82 | D        | Reached skill level 8 in Unarmed Combat
    82 | D        | Reached XP level 5. HP: 44/57 MP: 5/7
   102 | D        | Found an ornate altar of the Wu Jian Council.
   102 | D        | Found a shimmering blue altar of Sif Muna.
   104 | D        | Found a radiant altar of Vehumet.
   109 | D        | Reached skill level 5 in Invocations
   109 | D        | Reached XP level 6. HP: 62/66 MP: 8/8
   135 | D        | Found Immoacwoz's Assorted Antiques.
   135 | D        | Found an ancient bone altar of Kikubaaqudgha.
   135 | D        | Found a hazy altar of Hepliaklqana.
   135 | D        | Found a stormy altar of Qazlal.
   135 | D        | Found a hide-covered altar of Uskayaw.
   135 | D        | Found a blossoming altar of Fedhas.
   135 | D        | Found a bloodstained altar of Trog.
   135 | D        | Found an iron altar of Okawaru.
   135 | D        | Found a basalt altar of Yredelemnul.
   135 | D        | Found a glowing golden altar of the Shining One.
   135 | D        | Found a snail-covered altar of Cheibriados.
   135 | D        | Found a sacrificial altar of Ru.
   135 | D        | Found a glowing silver altar of Zin.
   135 | D        | Found a shadowy altar of Dithmenos.
   135 | D        | Found a white marble altar of Elyvilon.
   135 | D        | Noticed a yak
   146 | D        | Killed a yak
   147 | D        | Reached skill level 9 in Unarmed Combat
   147 | D        | Found an opulent altar of Gozag.
   148 | D        | Found a sparkling altar of Nemelex Xobeh.
   152 | D        | Bought a scroll labelled WOUFO SAPTUK for 18 gold pieces
   152 | D        | Bought a scroll labelled WOUFO SAPTUK for 18 gold pieces
   152 | D        | Bought a scroll labelled BATHUG KECSUX for 18 gold pieces
   152 | D        | Bought a scroll labelled WOUFO SAPTUK for 18 gold pieces
   180 | D        | Found a burning altar of Makhleb.
   180 | D        | Found a viscous altar of Jiyva.
   180 | D        | Found a shimmering altar of Xom.
   180 | D        | Found a corrupted altar of Lugonu.
   180 | D        | Noticed a slime creature
   187 | D        | Killed a slime creature
   187 | D        | Reached *** piety under Trog
   188 | D        | Reached skill level 10 in Unarmed Combat
   188 | D        | Reached XP level 7. HP: 54/75 MP: 10/10
   207 | D        | Noticed a kobold demonologist
   207 | D        | Noticed a kobold demonologist
   213 | D        | Killed a kobold demonologist
   214 | D        | Reached skill level 11 in Unarmed Combat
   221 | D        | Killed a kobold demonologist
   221 | D        | Reached **** piety under Trog
   222 | D        | Reached XP level 8. HP: 67/87 MP: 10/12
   245 | D        | Noticed a centaur warrior
   245 | D        | Noticed a centaur warrior
   257 | D        | Killed a centaur warrior
   258 | D        | Reached skill level 12 in Unarmed Combat
   260 | D        | HP: 2/88 [centaur warrior (12)]
   262 | D        | Killed a centaur warrior
   263 | D        | Reached skill level 13 in Unarmed Combat
   263 | D        | Reached XP level 9. HP: 16/97 MP: 12/14
   379 | D        | Noticed an oklob plant
   382 | D        | Killed an oklob plant
   383 | D        | Reached skill level 14 in Unarmed Combat
   388 | D        | Reached ***** piety under Trog
   429 | D        | Reached ****** piety under Trog
   444 | D        | HP: 2/97 [necrophage (7)]
   445 | D        | Slain by a necrophage

Illustrated notes

Levels and vault maps discovered:
D:        dungeon_sprint_1 [red_sonja_temple_1, red_sonja_temple_small_1]

Skill      XL: |  1  2  3  4  5  6  7  8  9 |
---------------+----------------------------+-----
Fighting       | 3 4 5 6 7 8 9 |  9.2
Dodging        | 3 4 5 6 7 8 9 |  9.2
Unarmed Combat | 4 6 8 10 11 13 14 | 14.9
Invocations    | 2 3 4 5 6 7 8 9 |  9.6

Action                     |  1- 3 |  4- 6 |  7- 9 || total
---------------------------+-------+-------+-------++-------
  Melee: Unarmed           |    13 |    24 |    54 ||    91
         Punch             |       |     1 |     4 ||     5
  Evoke: Wand              |     1 |       |       ||     1
    Use: Potion            |     1 |       |     2 ||     3
   Stab: Sleeping          |       |       |     1 ||     1
 Armour: Animal skin       |     3 |     2 |    18 ||    23
  Dodge: Dodged            |     2 |     8 |    45 ||    55
